 Dungeon Crawl Stone Soup version 0.28-b1-25-g9875b3fc8c (webtiles) character file.

Game seed: 105221420024633652

57 dorian the Scratcher (level 3, 0/15 HPs)
             Began as a Felid Transmuter on Feb 5, 2022.
             Slain by Robin (3 damage)
             ... on level 2 of the Dungeon.
             The game lasted 00:04:26 (3386 turns).

dorian the Scratcher (Felid Transmuter)             Turns: 3386, Time: 00:04:27

Health: 0/15       AC:  1    Str:  6    XL:     3   Next: 73%
Magic:  3/7        EV: 17    Int: 16    God:
Gold:   62         SH:  0    Dex: 16    Spells: 3/6 levels left
                                        Lives:  0   Deaths: 0

rFire   . . .      SeeInvis +     - Unarmed
rCold   . . .      Faith    .   (shield unavailable)
rNeg    . . .      Spirit   .   (armour unavailable)
rPois   .          Reflect  .   (helmet unavailable)
rElec   .          Harm     .   (cloak unavailable)
rCorr   .          Rampage  .   (gloves unavailable)
Will    .....                   (boots unavailable)
Stlth   ++........              (no amulet)
HPRegen 0.05/turn               (no ring)
MPRegen 0.10/turn               (no ring)

@: wereblooded, quick
A: very small, claws 1, fangs 3, see invisible, speed 1, shaggy fur 1, stealthy
paws, no weapons or thrown items, no armour, multi-lived
a: no special abilities


You were on level 2 of the Dungeon.
You visited 1 branch of the dungeon, and saw 2 of its levels.

You collected 62 gold pieces.

Inventory:

Scrolls
 c - a scroll of enchant weapon {unknown}
Potions
 a - a potion of berserk rage {unknown}
 b - a potion of attraction {unknown}


   Skills:
 - Level 1.0 Fighting
 - Level 2.6 Dodging
 - Level 1.0 Stealth
 + Level 4.6 Unarmed Combat
 - Level 2.0 Spellcasting
 - Level 2.1 Transmutations


You had 3 spell levels left.
You knew the following spells:

 Your Spells              Type           Power      Damage    Failure   Level
a - Beastly Appendage     Tmut           16%        N/A       9%          1
b - Wereblood             Tmut           8%         N/A       13%         2

Your spell library contained the following spells:

 Spells                   Type           Power      Damage    Failure   Level
 Spider Form              Tmut/Pois      5%         N/A       36%         3
 Ice Form                 Ice/Tmut       5%         N/A       78%         4


Dungeon Overview and Level Annotations

Branches:
Dungeon (2/15)

Altars:

Shops:
D:2 *

Annotations:
D:2 1 runed translucent door, Crazy Yiuf, Robin


Innate Abilities, Weirdness & Mutations

You have sharp claws.
You have razor-sharp teeth.
You have supernaturally acute eyesight. (SInv)
You cover ground quickly. (Speed+)
You are covered in fur. (AC +1)
Your paws help you pounce on unaware monsters.
You are incapable of wielding weapons or throwing items.
You cannot wear armour.
You gain extra lives every three experience levels.


Message History

Confirm with . or Enter, or press ? or * to list all spells.
Your blood is infused with primal strength.
You climb downwards.
Level annotation: 1 runed translucent door, Crazy Yiuf, Robin The hobgoblin barely misses you.
The hobgoblin hits you.
There is a stone staircase leading up here.
You scratch the hobgoblin.
You feel a bit better.
You kill the hobgoblin!
The hobgoblin shouts!
Robin hits you with a +0 club.
You scratch Robin.
Robin is moderately wounded.
Robin misses you.
Your magical contamination has completely faded away.
You scratch Robin but do no damage.
Robin is moderately wounded.
Robin hits you with a +0 club.
You are too injured to fight recklessly!
You scratch Robin.
Robin is heavily wounded.
Robin says, "Feeling lonely?"
Robin hits you with a +0 club.
* * * LOW HITPOINT WARNING * * *
You scratch Robin.
Robin is severely wounded.
Robin completely misses you.
You scratch Robin but do no damage. Your headbutt misses Robin.
Robin is severely wounded.
Your horns disappear.
You scratch Robin but do no damage.
Robin is severely wounded.
Robin hits you with a +0 club.
* * * LOW HITPOINT WARNING * * *
You barely miss Robin. Your claw misses Robin.
Robin is severely wounded.
The hobgoblin closely misses you.
You scratch Robin.
Robin is almost dead.
Robin hits you with a +0 club.
You die...

#.# #.###.........<###....
#.####.# #....#.#..........
#......###........#........
######.......##..###.###...
##.##......## ##.##...
#.##..###..###.###... ##.##..#
#...#.#......
#######...#..####......##.#.
#...#.....g@.<....##.####.#.
######'#.#.#...#g.###..........#.
.....'∩'...##.##............##.#.
######'#.####........).##.#.##.#.
#...# #####................ #####
######.####...... #.........##
###########


You could see Robin and a hobgoblin.

Vanquished Creatures
  An adder (D:2)
  2 dart slugs
  3 ball pythons
  2 endoplasms (D:1)
  A giant cockroach (D:1)
  11 goblins
  9 hobgoblins
  A quokka (D:2)
  A bat (D:1)
  2 frilled lizards
  A kobold (D:1)
  5 rats
39 creatures vanquished.

Notes
Turn   | Place    | Note
-------+----------+-------------------------------------------
     0 | D:1      | dorian the Felid Transmuter began the quest for the Orb.
     0 | D:1      | Reached XP level 1. HP: 9/9 MP: 4/4
   107 | D:1      | Noticed a shining eye
   110 | D:1      | Found a faded altar of an unknown god.
   329 | D:1      | Reached XP level 2. HP: 8/12 MP: 4/6
   749 | D:1      | Reached skill level 1 in Stealth
   865 | D:1      | Noticed a great orb of eyes
   868 | D:1      | Noticed a great orb of eyes
   868 | D:1      | Noticed a floating eye
   925 | D:2      | Noticed Robin
  1029 | D:2      | Reached skill level 4 in Unarmed Combat
  1355 | D:2      | Reached XP level 3. HP: 2/15 MP: 7/7
  1355 | D:2      | HP: 1/22 [poisoned by an adder]
  2054 | D:2      | Found a runed translucent door.
  2055 | D:2      | Noticed Crazy Yiuf
  2176 | D:2      | Found Cusanexo's Assorted Antiques.
  3372 | D:1      | Learned a level 2 spell: Wereblood
  3386 | D:2      | Slain by Robin

Illustrated notes

Levels and vault maps discovered:
D:1:      amcnicky_arrival_choice, layout_basic,
          hellmonk_ecumenical_altar_watching_god, minivault_5, st_stairs_12,
          nicolae_figureground_sparkle
D:2:      layout_loops_ring, serial_shops, nicolae_shop_behind_doors,
          uniq_crazy_yiuf_cottage, uniq_robin

Skill      XL: |  1  2 |
---------------+-------+-----
Stealth        | 1 |  1.0
Unarmed Combat | 4 |  4.6
Fighting       | |  1.0
Dodging        | |  2.6
Spellcasting   | |  2.0
Transmutations | |  2.1

Action                   || total
-------------------------++-------
Melee: Unarmed           ||    94
       Bite              ||     6
       Headbutt          ||     5
       Punch             ||     2
 Cast: Beastly Appendage ||    32
       Wereblood         ||     1
  Use: Scroll            ||     3
       Potion            ||     2
 Stab: Sleeping          ||     3
Armor: Skin              ||     3
Dodge: Dodged            ||    76
